 Dungeon Crawl Stone Soup version 0.27-a0-1006-g1fd4cec11e (webtiles) character file.

Game seed: 15058729325114253197

51 tardwrangler69 the Digger (level 3, -15/26 HPs)
             Began as a Draconian Earth Elementalist on Apr 17, 2021.
             Blown up by Ijyb (22 damage)
             ... with a mindburst bolt
             ... on level 3 of the Dungeon.
             The game lasted 00:01:44 (2572 turns).

tardwrangler69 the Digger (DrEE)                    Turns: 2572, Time: 00:01:45

Health: -15/26     AC: 10    Str: 16    XL:     3   Next: 57%
Magic:  5/6        EV: 12    Int: 16    God:
Gold:   78         SH:  0    Dex: 11    Spells: 6/7 levels left

rFire    . . .     SeeInvis .   g - +0 dagger (flame)
rCold    . . .     Faith    .   (no shield)
rNeg     . . .     Spirit   .   (armour unavailable)
rPois    .         Reflect  .   (helmet restricted)
rElec    .         Harm     .   (no cloak)
rCorr    .         Rampage  .   l - +0 pair of gloves
Will     .....                  (no boots)
Stlth    ++........             (no amulet)
HPRegen  0.08/turn              i - +4 ring of protection
MPRegen  0.10/turn              q - +6 ring of strength

@: flying
A: AC +5, unfitting armour, cold-blooded
a: no special abilities


You were on level 3 of the Dungeon.
You visited 1 branch of the dungeon, and saw 3 of its levels.

You collected 78 gold pieces.

Inventory:

Hand Weapons
 g - a +0 dagger of flaming (weapon)
Missiles
 b - 40 stones
Armour
 l - a +0 pair of gloves (worn)
Magical Staves
 d - a staff of conjuration
Jewellery
 i - a +4 ring of protection (left hand)
 p - a ring of resist corrosion
 q - a +6 ring of strength (right hand)
Scrolls
 c - a scroll of acquirement {unknown}
 f - a scroll of torment {unknown}
 j - 2 scrolls of identify {unknown}
 k - a scroll of brand weapon {unknown}
 o - a scroll of amnesia {unknown}
Potions
 a - a potion of degeneration {unknown}
 e - a potion of flight
 h - a potion of ambrosia {unknown}
 n - 2 potions of cancellation {unknown}


   Skills:
 - Level 1.7 Dodging
 - Level 1.7 Stealth
 + Level 2.6 Spellcasting
 - Level 1.0 Transmutations
 * Level 4.2 Earth Magic


You had 6 spell levels left.
You knew the following spells:

 Your Spells              Type           Power      Damage    Failure   Level
a - Sandblast             Erth           30%        2d9       3%          1

Your spell library contained the following spells:

 Spells                   Type           Power      Damage    Failure   Level
 Passwall                 Tmut/Erth      8%         N/A       10%         2
 Corona                   Hex            2%         N/A       21%         1
 Stone Arrow              Conj/Erth      16%        3d8       24%         3
 Ensorcelled Hibernation  Hex/Ice        4%         N/A       30%         2
 Confusing Touch          Hex            2%         N/A       52%         3
 Dazzling Flash           Conj/Hex       4%         N/A       52%         3
 Swiftness                Air            2%         N/A       52%         3
 Tukima's Dance           Hex            2%         N/A       52%         3
 Petrify                  Tmut/Erth      10%        N/A       54%         4
 Lee's Rapid Deconstruct  Erth           7%         3d8*      67%         5
 Passage of Golubria      Tloc           N/A        N/A       89%         4
 Invisibility             Hex            2%         N/A       100%        6


Dungeon Overview and Level Annotations

Branches:
Dungeon (3/15)

Altars:

Annotations:
D:3 Ijyb


Innate Abilities, Weirdness & Mutations

Your plain brown scales are hard. (AC +5)
You cannot fit into any form of body armour.
You are cold-blooded and may be slowed by cold attacks.


Message History

You hit Ijyb but do no damage. Ijyb hits you but does no damage.
You closely miss Ijyb. Ijyb hits you with a +0 dagger.
You hit Ijyb but do no damage. Ijyb hits you but does no damage.
You closely miss Ijyb. Ijyb hits you with a +0 dagger.
You hit Ijyb but do no damage. You tail-slap Ijyb, but do no damage.
Ijyb hits you but does no damage.
You barely miss Ijyb. Ijyb barely misses you.
You hit Ijyb. You burn Ijyb.
Ijyb is lightly wounded.
Ijyb hits you with a +0 dagger.
You closely miss Ijyb.
Ijyb is lightly wounded.
Ijyb hits you with a +0 dagger.
You closely miss Ijyb. You tail-slap Ijyb.
Ijyb is moderately wounded.
Ijyb barely misses you.
You barely miss Ijyb.
Ijyb is moderately wounded.
Ijyb zaps a wand.
Your mind is blasted!
* * * LOW HITPOINT WARNING * * *
You are too injured to fight recklessly!
You are too injured to fight recklessly!
You are too injured to fight recklessly!
Casting: Sandblast (safe; 3% risk of failure)
Confirm with . or Enter, or press ? or * to list all spells.
Aiming: Sandblast (safe; 3% risk of failure)
Press: ? - help, Shift-Dir - straight line, f - Ijyb
Aim: Ijyb, wielding a +0 dagger, wearing a +0 scale mail and carrying a wand of mindburst (13) (moderately wounded, 77% to hit)
The blast of sand hits Ijyb but does no damage.
Ijyb is moderately wounded.
Ijyb hits you but does no damage.
It was a potion of curing.
You feel better. Ijyb hits you with a +0 dagger!
* * * LOW HITPOINT WARNING * * *
You feel better. Ijyb hits you with a +0 dagger.
* * * LOW HITPOINT WARNING * * *
It was a potion of flight.
You feel very buoyant.
You fly up into the air.
Ijyb zaps a wand.
Your mind is blasted!
Ouch! That really hurt!
You die...

#### ############..#
###########........†...##
.)..........########...#
#####...##########...###
#####...# #.....###
..##....######.g@....#
..................!.$#
....##..#########+##.#
###.#..## #..# ##
†......# ###.##
#......###...##
#..##.........#
#.####.##..##.# ...#
#.#..#####


You could see Ijyb.

Vanquished Creatures
  A worm (D:2)
  2 dart slugs
  7 ball pythons
  4 endoplasms
  3 hobgoblins
  4 jackals (D:2)
  2 quokkas (D:1)
  6 bats
  2 frilled lizards
  5 goblins
  4 kobolds
  2 rats
42 creatures vanquished.

Notes
Turn   | Place    | Note
-------+----------+-------------------------------------------
     0 | D:1      | tardwrangler69 the Draconian Earth Elementalist began the
                  | quest for the Orb.
     0 | D:1      | Reached XP level 1. HP: 14/14 MP: 3/3
   596 | D:1      | Reached XP level 2. HP: 19/20 MP: 5/5
   712 | D:1      | Found a faded altar of an unknown god.
  1337 | D:2      | Reached XP level 3. HP: 9/26 MP: 0/6
  1858 | D:2      | Reached skill level 4 in Earth Magic
  2555 | D:3      | Noticed Ijyb
  2572 | D:3      | Blown up by Ijyb

Illustrated notes

Levels and vault maps discovered:
D:1:      minmay_arrival_wavy_path, layout_loops_ring,
          shapermc_ecumenical_altar_notcrosses, corexii_corridor_pit,
          chequers_serial_rivers_small_b, minmay_3d_cube
D:2:      layout_basic
D:3:      layout_rooms, worldfamousw_hep_ancestral_shrine, uniq_natasha,
          uniq_ijyb

Skill      XL: |  1  2  3 |
---------------+----------+-----
Earth Magic    | 4 |  4.2
Dodging        | |  1.7
Stealth        | |  1.7
Spellcasting   | |  2.6
Transmutations | |  1.0

Action                   || total
-------------------------++-------
Melee: Dagger            ||   114
       Staff             ||     9
       Unarmed           ||     3
       Tailslap          ||     9
 Cast: Sandblast         ||    12
  Use: Potion            ||     3
 Stab: Sleeping          ||     5
Armor: Skin              ||    53
Dodge: Dodged            ||    78

Table legend: (Time is in decaauts)
 A = Elapsed time spent in this place.
 B = Non-inter-level travel time spent in this place.
 C = Inter-level travel time spent in this place.
 D = Time resting spent in this place.
 E = Time spent auto-exploring this place.
 F = Levels seen in this place.
 G = Mean time per level.
                   A        B        C        D        E       F      G
               +--------+--------+--------+--------+--------+-----+--------+
         Total |   2577 |   2536 |     41 |      0 |   2204 |   3 |  859.0 |
       Dungeon |   2577 |   2536 |     41 |      0 |   2204 |   3 |  859.0 |
               +--------+--------+--------+--------+--------+-----+--------+

Top non-repeatable levels by time:
     D:1: 1272 daAuts
     D:2: 988 daAuts
     D:3: 315 daAuts
